Construct Light Support Kompanie
Selects Armored Support Battlegroup
Selects Superior Fire Drills
Construct Mechanized Kompanie
Marder III Tank Destroyer
Selects Flammpanzer III Medium Tank
Flammpanzer III Medium Tank
Flammpanzer III Medium Tank
Selects Command Panzer IV F Medium Tank
Flammpanzer III Medium Tank
Selects Vehicle Awareness
Construct Panzerarmee Kommand
Selects Stuka Anti-tank Loiter
Flammpanzer III Medium Tank